 Dungeon Sprint DCSS version 0.28.0-61-g67df4f89a8 (webtiles) character file.

Game seed: 17167836797994379358

558 Ast3rio the Cleaver (level 7, -12/73 HPs)
             Began as a Hill Orc Fighter on Feb 15, 2023.
             Mangled by a yaktaur captain (19 damage)
             ... in the Dungeon (Sprint II: "The Violet Keep of Menkaure").
             The game lasted 00:01:39 (534 turns).

Ast3rio the Cleaver (Hill Orc Fighter)               Turns: 534, Time: 00:01:39

Health: -12/73     AC:  8    Str: 21    XL:     7   Next: 31%
Magic:  7/7        EV:  9    Int:  8    God:
Gold:   243        SH:  5    Dex: 10    Spells: 6/6 levels left

rFire   . . .      SeeInvis .   a - +0 war axe
rCold   . . .      Faith    .   c - +0 buckler
rNeg    . . .      Spirit   .   b - +0 scale mail
rPois   .          Reflect  .   (no helmet)
rElec   .          Harm     .   (no cloak)
rCorr   .          Rampage  .   (no gloves)
Will    .....      NoTele   +   (no boots)
Stlth   ..........              (no amulet)
HPRegen 0.22/turn               (no ring)
MPRegen 0.10/turn               (no ring)

@: very slow
A: no striking features
a: no special abilities


You were in the Dungeon.
You visited 1 branch You collected 243 gold pieces.

Inventory:

Hand Weapons
 a - a +0 war axe (weapon)
Armour
 b - a +0 scale mail (worn)
 c - a +0 buckler (worn)
Scrolls
 j - a scroll of blinking
Potions
 d - a potion of might
 g - a potion of haste
 h - 2 potions of magic


   Skills:
 + Level 10.4 Fighting
 + Level 10.9 Axes
 + Level 9.3 Armour
 + Level 0.8 Dodging
 + Level 7.4 Shields


You had 6 spell levels left.
You didn't know any spells.
Your spell library was empty.

Dungeon Overview and Level Annotations

Branches:
Dungeon (1/1)

Altars:

Shops:
D [(*:?![!=[(==

Annotations:
D exclusion: orange crystal statue, Kirke


Message History

The water moccasin is lightly wounded.
You barely miss the worm. The water moccasin closely misses you.
You closely miss the water moccasin. You hit the worm.
The water moccasin bites you. The worm bites you!
The water moccasin barely misses you.
You slice the water moccasin!!
The water moccasin is severely wounded.
You slash the worm! The water moccasin bites you.
The worm bites you but does no damage.
You slash the water moccasin!
You kill the water moccasin!
You hit the worm.
Kirke, a yaktaur captain and a skeletal warrior come into view.
Found Pamekk's Jewellery Shoppe.
Kirke shouts!
The yaktaur captain shouts!
A kobold demonologist comes into view. It is wielding a +0 dagger.
Kirke moves out of view.
A centaur warrior comes into view.
Found Tonup's Jewellery Shoppe.
The centaur warrior shouts!
An elephant comes into view.
The centaur warrior moves out of view.
Found three shops.
The elephant trumpets!
You enter the shallow water.
Moving in this stuff is going to be slow.
Found Happean's Distillery, Jeces's Armour Shoppe and Qarej's Distillery.
The skeletal warrior splashes around in the water. x2
The yaktaur captain wields a +0 arbalest.
The yaktaur captain shoots a bolt.
You block the bolt.
Found three shops.
The skeletal warrior closely misses you.
The skeletal warrior hits you with a +0 mace!!
Found Toynwetadgh's Antique Armour Emporium and Risko's Antique Weapon Shoppe.
The yaktaur captain shoots a bolt.
The bolt hits you!!
* * * LOW HITPOINT WARNING * * *
The yaktaur captain unwields a +0 arbalest.
The yaktaur captain hits you but does no damage.
The yaktaur captain hits you!!
You die...

# ##+#### ≈§≈§≈≈≈##
≈≈≈§≈§≈§## ##
§§8§≈§≈≈# ..K####
§≈≈≈≈≈≈ ..Yz## §≈§≈
########@c#+++#+++##
#######≈@w.........#
...∩.∩#≈≈≈≈.##'##..#
..∩.∩.#≈≈≈≈##.#.## #
.∩.∩..#≈≈≈≈#.##..#
∩.∩...#≈≈#####..####
.∩....#≈## #'###.##
∩.∩...#≈# ##.##...#
.∩.∩..+≈+ +.<.'#
##.##...#


You could see Kirke, a yaktaur captain, an elephant, a skeletal warrior and a
worm.

Vanquished Creatures
  Menkaure (D)
  A water moccasin (D)
  4 necrophages (D)
  2 worms (D)
8 creatures vanquished.

Vanquished Creatures (others)
  A water moccasin (D)
1 creature vanquished.

Grand Total: 9 creatures vanquished

Notes
Turn   | Place    | Note
-------+----------+-------------------------------------------
     0 | D        | Ast3rio the Hill Orc Fighter began the quest for the Orb.
     0 | D        | Reached XP level 1. HP: 19/19 MP: 1/1
     1 | D        | Noticed a necrophage
     1 | D        | Noticed a necrophage
     1 | D        | Noticed a necrophage
     1 | D        | Noticed a necrophage
    25 | D        | Killed a necrophage
    26 | D        | Reached skill level 5 in Axes
    26 | D        | Reached skill level 5 in Shields
    26 | D        | Reached XP level 2. HP: 2/31 MP: 2/2
    26 | D        | Reached XP level 3. HP: 3/38 MP: 3/3
    26 | D        | Reached XP level 4. HP: 4/45 MP: 4/4
    30 | D        | Noticed Menkaure
    33 | D        | HP: 3/64 [necrophage (5)]
    36 | D        | Killed a necrophage
    37 | D        | Reached XP level 5. HP: 4/53 MP: 5/5
    41 | D        | Killed a necrophage
    42 | D        | Reached XP level 6. HP: 6/62 MP: 6/6
    43 | D        | Killed Menkaure
    47 | D        | Killed a necrophage
    48 | D        | Reached skill level 10 in Fighting
    48 | D        | Reached skill level 10 in Axes
    48 | D        | Reached XP level 7. HP: 9/72 MP: 7/7
   518 | D        | Noticed an orange crystal statue
   528 | D        | Found Pamekk's Jewellery Shoppe.
   528 | D        | Noticed Kirke
   528 | D        | Noticed a yaktaur captain
   528 | D        | Noticed a skeletal warrior
   528 | D        | Noticed a kobold demonologist
   529 | D        | Found Tonup's Jewellery Shoppe.
   529 | D        | Noticed a centaur warrior
   529 | D        | Noticed an elephant
   530 | D        | Found Yraqe's Jewellery Emporium.
   530 | D        | Found Ykhier's Antique Armour Shoppe.
   530 | D        | Found Lior Cel's Weapon Shoppe.
   531 | D        | Found Happean's Distillery.
   531 | D        | Found Jeces's Armour Shoppe.
   531 | D        | Found Qarej's Distillery.
   532 | D        | Found Bagait's Assorted Antiques.
   532 | D        | Found Falo's Book Shoppe.
   532 | D        | Found Obbogeg's Magic Scroll Emporium.
   533 | D        | Found Toynwetadgh's Antique Armour Emporium.
   533 | D        | Found Risko's Antique Weapon Shoppe.
   534 | D        | Mangled by a yaktaur captain

Illustrated notes

Levels and vault maps discovered:
D:        the_violet_keep_of_menkaure [sprint2_stairs_cluster_1,
          sprint2_shoproom, sprint2_temple, sprint2_basic_supplies,
          sprint2_obstacle_6, sprint2_obstacle_3, sprint2_obstacle_4,
          sprint2_obstacle_2, sprint2_obstacle_7, sprint2_timed_cluster_1,
          sprint2_smallroom_cluster_1, sprint2_smallroom_final_cluster_1,
          sprint2_transparent_cluster_1, sprint2_second_timed_cluster_1,
          sprint2_sniper_area_1, sprint2_heavy_combat_area_1,
          sprint2_mutation_trap_area_1, sprint2_forest_area_1,
          sprint2_light_combat_area_1, sprint2_behind_water_1,
          sprint2_near_end_vault_1]

Skill      XL: |  1  2  3  4  5  6 |
---------------+-------------------+-----
Fighting       | 6 8 10 | 10.4
Axes           | 5 7 8 10 | 10.9
Armour         | 6 7 9 |  9.3
Shields        | 5 6 7 |  7.4
Dodging        | |  0.8

Action                   |  1- 3 |  4- 6 |  7- 9 || total
-------------------------+-------+-------+-------++-------
Melee: War axe           |    21 |    20 |    10 ||    51
  Use: Potion            |     1 |     2 |       ||     3
Armor: Scale mail        |     8 |     2 |     3 ||    13
Dodge: Dodged            |     8 |     6 |     6 ||    20
Block: Buckler           |     4 |     5 |     5 ||    14
